 Dungeon Crawl Stone Soup version 0.23-a0-241-g3b46b07 (webtiles) character file.

17 BlueFish the Insei (level 2, -6/18 HPs)
             Began as an Octopode Transmuter on Sept 27, 2018.
             Killed from afar by a kobold (24 damage)
             ... with an exploding inner flame
             ... hexed by the player character
             ... on level 1 of the Dungeon.
             The game lasted 00:01:30 (382 turns).

BlueFish the Insei (Octopode Transmuter)             Turns: 382, Time: 00:01:31

Health: -6/18      AC:  1    Str:  9    XL:     2   Next: 62%
Magic:  5/5        EV: 13    Int: 15    God:
Gold:   39         SH:  0    Dex: 12    Spells: 4/5 levels left

rFire    . . .     SeeInvis .     - Unarmed
rCold    . . .     Gourm    .   (no shield)
rNeg     . . .     Faith    .   (helmet restricted)
rPois    .         Spirit   .   (no amulet)
rElec    .         Reflect  .   b - ring of flight
rCorr    .         Harm     .   (no ring)
MR       .....                  (no ring)
Stlth    ++........             (no ring)
HPRegen  0.06/turn              (no ring)
MPRegen  0.09/turn              (no ring)
                                (no ring)
                                (no ring)

@: no status effects
A: almost no armour, stealthy swim, amphibious, 8 rings, constrict 8, camouflage
1, gelatinous body 1
a: Evoke Flight


You were on level 1 of the Dungeon.
You were not hungry.

You visited 1 branch of the dungeon, and saw 1 of its levels.

You collected 39 gold pieces.

Inventory:

Missiles
 a - 12 arrows
Jewellery
 b - a ring of flight (left tentacle)
Scrolls
 e - a scroll of immolation
 g - a scroll of identify {unknown}
Comestibles
 c - 2 rations
 d - 7 chunks of flesh


   Skills:
 * Level 1.1 Fighting
 + Level 2.2 Dodging
 * Level 3.5 Unarmed Combat
 + Level 2.0 Spellcasting
 + Level 2.0 Transmutations


You had 4 spell levels left.
You knew the following spells:

 Your Spells              Type           Power        Failure   Level  Hunger
a - Beastly Appendage     Tmut           #.....       10%         1    #......

Your spell library contained the following spells:

 Spells                   Type           Power        Failure   Level  Hunger
 Sticks to Snakes         Tmut           #.......     14%         2    ###....
 Spider Form              Tmut/Pois      #.........   41%         3    ###....
 Ice Form                 Ice/Tmut       #.......     82%         4    #####..
 Blade Hands              Tmut           #.........   95%         5    ######.


Dungeon Overview and Level Annotations

Branches:
Dungeon (1/15)

Altars:


Innate Abilities, Weirdness & Mutations

You cannot wear most types of armour.
You are very stealthy in the water. (Stealth+)
You are amphibious.
You can wear up to eight rings at the same time.
You can use your tentacles to constrict eight enemies at once.
Your skin changes colour to match your surroundings (Stealth+).
Your rubbery body absorbs attacks. (AC +1, EV +1)


Message History

You kill the hobgoblin!
g - a scroll labeled UTEDAPS TIHUA Your tentacle spike disappears.
You now have 39 gold pieces (gained 2).
A kobold comes into view.
As you read the scroll labeled NIBRAD GIEFE, it crumbles to dust.
The creatures around you are filled with an inner flame!
It was a scroll of immolation.
As you read the scroll labeled FESYLOVIAC, it crumbles to dust.
You feel aware of your surroundings.
It was a scroll of magic mapping.
A kobold is nearby!
Found 15 gold pieces.
No target in view!
No target in view!
The helpless kobold fails to defend itself.
You tentacle-slap the kobold.
The kobold explodes!
The fiery explosion engulfs you!
Ouch! That really hurt!
You die...

#### #... ##########
#... #........# #...
#........# #...
#........############...
#............?.........)
#....$...>......#######.
#....§§@...#.#...# #.
######§##..#.#.#+#### #.
#§*#...........# #.
#.*#...........# #.
#.##...........# #.
##.##...........###.
#.....÷.............
#...................
#.....#....#........


There were no monsters in sight!

Vanquished Creatures
  A dart slug (D:1)
  3 bats (D:1)
  2 giant cockroaches (D:1)
  2 goblins (D:1)
  A hobgoblin (D:1)
  A jackal (D:1)
  A kobold (D:1)
  A ball python (D:1)
  A frilled lizard (D:1)
  A rat (D:1)
14 creatures vanquished.

Notes
Turn   | Place    | Note
-------+----------+-------------------------------------------
     0 | D:1      | BlueFish the Octopode Transmuter began the quest for the
                  | Orb.
     0 | D:1      | Reached XP level 1. HP: 13/13 MP: 3/3
   177 | D:1      | Reached XP level 2. HP: 16/18 MP: 3/5
   382 | D:1      | Killed from afar by a kobold

Vault maps used:
D:1:      elethiomel_arrival_shortcut, minmay_surrounded

Action                   || total
-------------------------++-------
Melee: Unarmed           ||    30
       Constrict         ||    10
       Tentacles         ||     5
       Kick              ||     2
       Punch             ||     1
 Cast: Beastly Appendage ||     3
  Use: Scroll            ||     2
 Stab: Sleeping          ||     1
Armor: Skin              ||     2
Dodge: Dodged            ||    24

Table legend:
 A = Non-vault XP
 B = Vault XP
 C = Vault XP percentage of total XP
 D = Non-vault monster count
 E = Vault monster count
 F = Vault count percentage of total count
                 A         B        C        D         E       F
            +---------+---------+-------+---------+---------+-------
      Total |      19 |       6 |  24.0 |      10 |       4 |  28.6
            +---------+---------+-------+---------+---------+-------
        D:1 |      19 |       6 |  24.0 |      10 |       4 |  28.6
            +---------+---------+-------+---------+---------+-------
